Description

Safe build for me.

Build Order

Get SALT Encoding   

  12  0:01  Probe x2  @up to 5 minutes without stopping, @up to 5 minutes without stopping
  14  0:19  Pylon  
  14  0:20  Probe (Chrono Boost)  
  15  0:39  Gateway  
  16  0:47  Assimilator  
  20  1:30  Nexus  @don't spawn probe
  20  1:35  Cybernetics Core  
  21  1:44  Assimilator  @ spawn probe
  22  1:53  Pylon  
  23  2:11  Adept  scout
  26  2:16  Stargate  
  28  3:07  Oracle (Chrono Boost)  
  28  3:09  Warp Gate (Chrono Boost)  
  28  3:10  Pylon  
  29  3:29  Gateway  
  30  3:30  Shield Battery  @Battery for Natural
  39  4:00  Robotics Facility  @ if BIO terran builds later for an observer
  40  4:30  Pylon  
  49  4:40  Gateway x4  
  59  5:00  Forge  @if play only gateway unit build forge x2
  60  5:21  Twilight Council  
  61  5:52  Protoss Ground Weapons Level 1 (Chrono Boost)  
  63  6:13  Charge (Chrono Boost)  
  65  6:50  Nexus  @50 worker
  69  7:13  Gateway  
  71  7:15  Gateway  
  73  7:25  Templar Archives  
  77  7:55  Protoss Ground Weapons Level 2 (Chrono Boost)  
  80  8:40  High Templar x3, Psionic Storm  @all gas for Templar, @save 4 Templar for storm
  85  8:55  High Templar, Archon  @all gas for Templar
  90  9:00  Archon  @all gas for Templar
  95  9:25  Zealot  @all minerals for Zealot
  100  10:03  Action  @Good time to attack!!! (Protoss Ground Weapons level 2 - complete)
  100  10:02  Protoss Ground Weapons Level 3 (Chrono Boost)  @Good time to attack!!! (Protoss Ground Weapons level 2 - complete)
  115  12:39   Action  @Good time to attack!!! (Protoss Ground Weapons level 3- complete)
  130  13:40  Fleet Beacon (Chrono Boost)  @ In the late game - SkyToss
  130  14:50  Carrier (Chrono Boost), Mothership (Chrono Boost)  @ In the late game - SkyToss, @ In the late game - SkyToss
Spawning Tool Build Advisor. Get it on Overwolf

Go to:

Details

  • Created by: Zafari
  • Published on: May 01, 2018
  • Modified on: Feb 24, 2021
  • Patch: 4.0.0
  • Difficulty: Easy
Show
View Real Time Build Order
Export as new Build Order

Comments (0)

There are no comments. Be the first!

Create an account to comment!